 Dungeon Crawl Stone Soup version 0.30-a0-953-g5f1da4a474 (webtiles) character file.

Game seed: 986410662057838848

476 lesbiats the Ruffian (level 6, -5/62 HPs)
             Began as a Troll Fighter on Mar 29, 2023.
             Was an Initiate of Wu Jian.
             Killed by divine providence
             ... invoked by an orc priest
              (15 damage)
             ... on level 4 of the Dungeon.
             The game lasted 00:09:06 (2503 turns).

lesbiats the Ruffian (Troll Fighter)                Turns: 2503, Time: 00:09:07

Health: -5/62      AC:  9    Str: 25    XL:     6   Next: 85%
Magic:  5/5        EV:  8    Int:  6    God:    Wu Jian [......]
Gold:   215        SH:  8    Dex:  9    Spells: 5/5 levels left

rFire   . . .      SeeInvis .      - Unarmed
rCold   . . .      Faith    .    b - +0 kite shield
rNeg    . . .      Spirit   .    a - +0 robe
rPois   .          Reflect  .    (helmet restricted)
rElec   .          Rampage  .    p - +0 cloak
rCorr   .                        (gloves unavailable)
Will    .....                    (boots unavailable)
Stlth   +                        (no amulet)
HPRegen 1.10/turn                v - +4 ring of protection
MPRegen 0.09/turn                (no ring)

@: no status effects
A: large, unfitting armour, claws 3, regeneration 1, shaggy fur 1, tough skin 1
a: Renounce Religion


You were on level 4 of the Dungeon.
You worshipped Wu Jian.
Wu Jian was noncommittal.
You visited 2 branches of the dungeon, and saw 5 of its levels.

You collected 215 gold pieces.

Inventory:

Missiles
 e - 4 boomerangs (quivered)
 l - 2 atropa-tipped darts
 q - 3 poisoned darts
Armour
 a - a +0 robe (worn)
 b - a +0 kite shield (worn)
 p - a +0 cloak (worn)
Jewellery
 i - a ring of ice
 k - an amulet of magic regeneration
 v - a +4 ring of protection (left claw)
Scrolls
 d - a scroll of acquirement {unknown}
 f - a scroll of brand weapon {unknown}
 g - a scroll of enchant armour {unknown}
 h - a scroll of enchant weapon {unknown}
 m - 2 scrolls of teleportation {unknown}
 n - 2 scrolls of identify {unknown}
 s - 2 scrolls of fog {unknown}
Potions
 c - a potion of might
 j - a potion of haste {unknown}
 o - 2 potions of lignification {unknown}
 t - a potion of mutation {unknown}
 u - 2 potions of degeneration {unknown}
 w - a potion of flight {unknown}
 x - 2 potions of cancellation {unknown}


   Skills:
 + Level 3.8 Fighting
 - Level 2.4 Dodging
 + Level 4.2 Shields
 * Level 5.4 Unarmed Combat


You had 5 spell levels left.
You didn't know any spells.
Your spell library contained the following spells:

 Spells                   Type           Power      Damage    Failure   Level
 Beastly Appendage        Tmut           0%         N/A       75%         1
 Wereblood                Tmut           0%         N/A       86%         2
 Frozen Ramparts          Ice            0%         1d1       98%         3
 Ignite Poison            Fire/Tmut/Pois 0%         N/A       98%         3
 Inner Flame              Hex/Fire       0%         N/A       98%         3
 Spider Form              Tmut/Pois      0%         N/A       98%         3
 Cause Fear               Hex            0%         N/A       100%        4
 Ice Form                 Ice/Tmut       0%         N/A       100%        4
 Sticky Flame             Conj/Fire      0%         2d3       100%        4
 Summon Ice Beast         Ice/Summ       0%         N/A       100%        4
 Discord                  Hex            0%         N/A       100%        8
 Ignition                 Fire           0%         3d3       100%        8


Dungeon Overview and Level Annotations

Branches:
Dungeon (4/15)             Temple (1/1) D:4

Altars:
Dithmenos
Fedhas
Hepliaklqana
Okawaru
Wu Jian
The Shining One


Innate Abilities, Weirdness & Mutations

You are too large for most types of armour.
You have claws for hands.
Your natural rate of healing is unusually fast.
You are covered in fur. (AC +1)
You have tough skin. (AC +1)


Message History

You block the orc's attack.
The orc priest calls down the wrath of Beogh upon you.
Beogh smites you!
The orc priest mumbles some strange prayers to Beogh against you.
Beogh smites you!
* * * LOW HITPOINT WARNING * * *
Okay, then.
Okay, then.
It was a potion of curing.
You feel better. The orc hits you with a +0 club.
* * * LOW HITPOINT WARNING * * *
You block the orc's attack.
The orc priest hits you with a +0 short sword.
* * * LOW HITPOINT WARNING * * *
The orc priest hits you with a +0 flail!
* * * LOW HITPOINT WARNING * * *
The orc attacks as you move away! The orc barely misses you.
The orc priest hits you but does no damage.
The orc priest attacks as you move away!
You block the orc priest's attack.
The orc priest attacks as you move away!
The orc priest hits you but does no damage.
The orc priest miscasts a cantrip.
The orc priest attacks as you move away!
The orc priest hits you with a +0 flail!
* * * LOW HITPOINT WARNING * * *
The orc hits you with a +0 dagger.
* * * LOW HITPOINT WARNING * * *
The orc attacks as you move away! The orc hits you but does no damage.
The orc throws a boomerang.
The boomerang barely misses you.
You feel better.
The orc priest looks satisfied for a moment.
The orc priest looks encouraged for a moment.
The orc priest attacks as you move away!
The orc priest hits you but does no damage.
The orc priest invokes the aid of Beogh against you.
Pain shoots through your body!
* * * LOW HITPOINT WARNING * * *
The orc priest calls down the wrath of Beogh upon you.
Beogh smites you!
You die...

.# #..[#..<###.....###
.#####...#...).......#
.....#...............#
....................#####
........................#
.................#.......
................(.#......
................>##......
........##......@.[...##
...................##...
........#..###..o.##
........######o.####
#.......####.#Ko...#
#.....##.....o...#...#
##............#### .... .
[........# ...
.........## ..


You could see 2 orc priests, 2 orcs and a kobold.

Vanquished Creatures
  Grinder (D:3)
  An orc priest (D:3)
  A hound (D:4)
  Jessica (D:3)
  3 iguanas (D:4)
  5 adders
  5 dart slugs
  4 orcs
  6 ball pythons
  5 bats
  5 endoplasms
  A giant cockroach (D:2)
  3 goblins
  9 hobgoblins
  4 jackals (D:2)
  4 kobolds
  2 quokkas
  8 frilled lizards
  2 rats
70 creatures vanquished.

Vanquished Creatures (others)
  3 plants
3 creatures vanquished.

Grand Total: 73 creatures vanquished

Notes
Turn   | Place    | Note
-------+----------+-------------------------------------------
     0 | D:1      | lesbiats the Troll Fighter began the quest for the Orb.
     0 | D:1      | Reached XP level 1. HP: 22/22 MP: 0/0
   321 | D:1      | Reached XP level 2. HP: 29/29 MP: 1/1
   751 | D:2      | Reached XP level 3. HP: 36/36 MP: 2/2
   794 | D:2      | Reached skill level 3 in Unarmed Combat
  1708 | D:3      | Reached XP level 4. HP: 44/44 MP: 3/3
  1771 | D:3      | Noticed Grinder
  1785 | D:3      | Killed Grinder
  1786 | D:3      | Reached skill level 4 in Unarmed Combat
  1786 | D:3      | Reached XP level 5. HP: 8/53 MP: 4/4
  1786 | D:3      | Reached XP level 6. HP: 10/61 MP: 5/5
  1969 | D:3      | Noticed Jessica
  1985 | D:3      | Killed Jessica
  2187 | D:4      | Reached skill level 5 in Unarmed Combat
  2385 | D:4      | Found a staircase to the Ecumenical Temple.
  2390 | Temple   | Entered the Ecumenical Temple
  2398 | Temple   | Became a worshipper of the Wu Jian Council
  2496 | D:4      | HP: 2/62 [orc/+0 dagger (4)]
  2503 | D:4      | Killed from afar by an orc priest

Illustrated notes

Levels and vault maps discovered:
D:1:      moated_graveyard_arrival, layout_loops_cross, minmay_misc_feat_plants,
          serial_bayou_crossing
D:2:      layout_basic
D:3:      layout_basic, uniq_grinder, uniq_jessica
D:4:      layout_cave_pools, temple_doors_cd, serial_shops, shop,
          minmay_lizard_king
Temple:   nicolae_temple_two_arcs

Skill      XL: |  1  2  3  4  5  6 |
---------------+-------------------+-----
Shields        | 3 4 |  4.2
Unarmed Combat | 3 4 5 |  5.4
Fighting       | 3 |  3.8
Dodging        | |  2.4

Action                     |  1- 3 |  4- 6 || total
---------------------------+-------+-------++-------
  Melee: Unarmed           |   100 |    99 ||   199
Ability: Lunge             |       |     1 ||     1
    Use: Potion            |       |     2 ||     2
 Armour: Robe              |    39 |    32 ||    71
  Dodge: Dodged            |    26 |    26 ||    52
  Block: Kite shield       |    30 |    39 ||    69

Table legend: (Time is in decaauts)
 A = Elapsed time spent in this place.
 B = Non-inter-level travel time spent in this place.
 C = Inter-level travel time spent in this place.
 D = Time resting spent in this place.
 E = Time spent auto-exploring this place.
 F = Levels seen in this place.
 G = Mean time per level.
                   A        B        C        D        E       F      G
               +--------+--------+--------+--------+--------+-----+--------+
         Total |   2512 |   2350 |    162 |     61 |   1649 |   5 |  502.4 |
       Dungeon |   2496 |   2347 |    149 |     61 |   1649 |   4 |  624.0 |
        Temple |     16 |      3 |     13 |      0 |      0 |   1 |   16.0 |
               +--------+--------+--------+--------+--------+-----+--------+

Top non-repeatable levels by time:
     D:2: 793 daAuts
     D:1: 712 daAuts
     D:3: 683 daAuts
     D:4: 307 daAuts
  Temple: 16 daAuts
